 Dungeon Crawl Stone Soup version 0.28.0-43-g3370ac3207 (webtiles) character file.

Game seed: 12256712436635255638

406 smarlow the Magician (level 7, -3/45 HPs)
             Began as a Djinni Conjurer on Mar 4, 2022.
             Killed from afar by an orc wizard (10 damage)
             ... with a magic dart
             ... on level 4 of the Dungeon.
             The game lasted 00:03:35 (3996 turns).

smarlow the Magician (Djinni Conjurer)              Turns: 3996, Time: 00:03:35

Health: -3/45      AC:  3    Str:  6    XL:     7   Next: 12%
Gold:   114        EV: 12    Int: 21    God:
                   SH:  0    Dex: 12

rFire   + + .      SeeInvis .   (no weapon)
rCold   x . .      Faith    .   (no shield)
rNeg    . . .      Spirit   .   a - +0 robe
rPois   ∞          Reflect  .   (no helmet)
rElec   .          Harm     .   j - +0 cloak
rCorr   .          Rampage  .   (no gloves)
Will    .....                   (boots unavailable)
Stlth   ++........              (no amulet)
HPRegen 0.15/turn               b - ring of wizardry
MPRegen 0.00/turn               (no ring)

@: flying, very slightly contaminated
A: sickness immunity, fire resistance 2, cold vulnerability 1, float, innate
caster, HP casting, extra vitality 1
a: no special abilities


You were on level 4 of the Dungeon.
You visited 1 branch of the dungeon, and saw 4 of its levels.

You collected 114 gold pieces.

Inventory:

Armour
 a - a +0 robe (worn)
 j - a +0 cloak (worn)
Jewellery
 b - a ring of wizardry (left hand)
Wands
 l - a wand of flame (10)
Scrolls
 c - a scroll of amnesia {unknown}
 d - a scroll of silence {unknown}
 e - 2 scrolls of fog {unknown}
 f - a scroll of noise {unknown}
 g - 2 scrolls of identify {unknown}
 h - a scroll of fear {unknown}
 i - 2 scrolls of summoning {unknown}
 k - a scroll of blinking {unknown}
 m - a scroll of enchant weapon {unknown}


   Skills:
 - Level 2.1 Dodging
 - Level 1.5 Stealth
 + Level 6.2 Spellcasting


You couldn't memorise any spells.
You knew the following spells:

 Your Spells              Type           Power      Damage    Failure   Level
a - Magic Dart            Conj           100%       1d8       1%          1
b - Searing Ray           Conj           64%        2d6       1%          2
c - Dazzling Flash        Conj/Hex       64%        N/A       1%          3
d - Fulminant Prism       Conj/Hex       16%        3d11      3%          4
e - Iskenderun's Mystic   Conj/Tloc      32%        2d8       3%          4
f - Apportation           Tloc           64%        N/A       1%          1
g - Call Imp              Summ           32%        N/A       1%          2
h - Ignite Poison         Fire/Tmut/Pois 32%        N/A       1%          3
Your spell library was empty.

Dungeon Overview and Level Annotations

Branches:
Dungeon (4/15)
 Temple: D:4-7

Altars:
Okawaru

Annotations:
D:3 1 transporter, adizb's ghost, amateur MfGl


Innate Abilities, Weirdness & Mutations

You are immune to sickness and miasma.
You are immune to poison.
Your flesh is very heat resistant. (rF++)
You are vulnerable to cold. (rC-)
You float through the air rather than walking.
You learn spells naturally, not from books.
Your magical power is your life essence.
You have superior vitality. (+4 MHP)


Message History

An orc wizard comes into view. It is wielding a +0 dagger.
Casting: Fulminant Prism (dangerous; 3% risk of failure)
Confirm with . or Enter, or press ? or * to list all spells.
You miscast Iskenderun's Mystic Blast.
Nothing appears to happen.
You are no longer locked in place.
Your fulminant prism crackles loudly.
The orc wizard casts a spell.
The orc wizard flickers and vanishes!
Deactivating autopickup; reactivate with Ctrl-A.
You hear an explosion!
You hear a shout!
Casting: Iskenderun's Mystic Blast (dangerous; 3% risk of failure)
Confirm with . or Enter, or press ? or * to list all spells.
You erupt in a blast of force!
The mystic blast hits the orc wizard!
The orc wizard is severely wounded.
The orc wizard is knocked back by the mystic blast.
The orc wizard slams into the metal wall!
You kill the orc wizard!
The mystic blast hits the orc warrior.
The orc warrior is heavily wounded.
The orc warrior is knocked back by the mystic blast.
Casting: Iskenderun's Mystic Blast (dangerous; 3% risk of failure)
Confirm with . or Enter, or press ? or * to list all spells.
You erupt in a blast of force!
The mystic blast hits the orc warrior.
The orc warrior is heavily wounded.
The orc warrior is knocked back by the mystic blast.
The orc warrior slams into the metal wall!
The orc warrior is severely wounded.
* * * LOW HITPOINT WARNING * * *
Casting: Iskenderun's Mystic Blast (dangerous; 3% risk of failure)
Confirm with . or Enter, or press ? or * to list all spells.
You erupt in a blast of force!
The mystic blast hits the orc warrior.
The orc warrior is severely wounded.
The orc warrior is knocked back by the mystic blast.
The orc warrior slams into the metal wall!
The mystic blast hits something!
* * * LOW HITPOINT WARNING * * *
A giant cockroach comes into view.
A magic dart appears from out of thin air!
The magic dart hits you!
You die...

# #.. ♣.♣. .♣
# #.. .♣. .♣
# ##.. ..♣.♣
#
##.†.#...♣...
#
#....)..*....
#o# ##.. #{#
#... #.#
#...# #@#
##..# #.#
....# #.#
###.# #.#
.##.# # #.#
.#..####.#
#.#
...#.....#
#.#
.....†####
#.# #.#.....#
#.#


You could see an orc warrior.

Vanquished Creatures
  A black bear (D:4)
  A necrophage (D:4)
  2 iguanas (D:4)
  An orc wizard (D:4)
  Robin (D:4)
  4 adders
  2 worms
  3 dart slugs (D:2)
  14 orcs
  4 ball pythons
  2 bats (D:2)
  5 endoplasms
  A giant cockroach (D:1)
  13 goblins
  8 hobgoblins
  3 jackals (D:1)
  8 kobolds
  A quokka (D:1)
  6 frilled lizards
  7 rats
87 creatures vanquished.

Vanquished Creatures (others)
  2 fulminant prisms (D:4)
2 creatures vanquished.

Grand Total: 89 creatures vanquished

Notes
Turn   | Place    | Note
-------+----------+-------------------------------------------
     0 | D:1      | smarlow the Djinni Conjurer began the quest for the Orb.
     0 | D:1      | Reached XP level 1. HP: 15/15 MP: 0/0
   215 | D:1      | Reached XP level 2. HP: 20/21 MP: 0/0
   917 | D:1      | Found a faded altar of an unknown god.
  1010 | D:2      | Reached XP level 3. HP: 20/25 MP: 0/0
  1010 | D:2      | Learned a level 1 spell: Apportation
  1157 | D:2      | Reached skill level 4 in Spellcasting
  1811 | D:3      | Reached XP level 4. HP: 29/31 MP: 0/0
  1930 | D:3      | Found a transporter.
  1930 | D:3      | Noticed an ogre
  1931 | D:3      | Noticed an ogre
  1931 | D:3      | Noticed adizb's ghost (amateur MfGl)
  1931 | D:3      | Identified the +6 great mace of Zin's Anger {freeze, Will+}
  1931 | D:3      | Noticed an ogre
  2839 | D:4      | Reached XP level 5. HP: 15/35 MP: 0/0
  2839 | D:4      | Learned a level 2 spell: Call Imp
  3129 | D:4      | Noticed Robin
  3136 | D:4      | Killed Robin
  3137 | D:4      | Reached skill level 5 in Spellcasting
  3562 | D:4      | Noticed a necrophage
  3569 | D:4      | Killed a necrophage
  3570 | D:4      | Reached XP level 6. HP: 19/40 MP: 0/0
  3784 | D:4      | Noticed a black bear
  3794 | D:4      | Killed a black bear
  3795 | D:4      | Reached skill level 6 in Spellcasting
  3939 | D:4      | Reached XP level 7. HP: 41/45 MP: 0/0
  3939 | D:4      | Learned a level 3 spell: Ignite Poison
  3978 | D:4      | Found an iron altar of Okawaru.
  3996 | D:4      | Killed from afar by an orc wizard

Illustrated notes

Levels and vault maps discovered:
D:1:      dpeg_arrival_arbitrary_c, layout_basic, basic_ecumenical_altar,
          minmay_misc_feat_enclosed, minivault_25
D:2:      layout_basic
D:3:      layout_loops_corners, gammafunk_ghost_smash
D:4:      layout_rooms, okawaru_trees_2, minmay_door_square, uniq_robin

Skill      XL: |  1  2  3  4  5  6 |
---------------+-------------------+-----
Spellcasting   | 4 5 6 |  6.2
Dodging        | |  2.1
Stealth        | |  1.5

Action                   |  1- 3 |  4- 6 |  7- 9 || total
-------------------------+-------+-------+-------++-------
 Cast: Magic Dart        |    65 |    87 |     6 ||   158
       Iskenderun's Myst |       |    12 |     5 ||    17
       Searing Ray       |       |     2 |       ||     2
       Fulminant Prism   |       |     1 |     1 ||     2
Armor: Robe              |       |     1 |       ||     1
Dodge: Dodged            |       |     5 |       ||     5
